 Dungeon Crawl Stone Soup version 0.28-a0-21-gf74fda84f9 (webtiles) character file.

Game seed: 8926657671971336388

8717 pkoi the Grappler (level 11, -5/102 HPs)
             Began as a Troll Hunter on July 27, 2021.
             Was a High Priest of Okawaru.
             Slain by a troll (16 damage)
             ... on level 10 of the Dungeon.
             The game lasted 00:11:14 (7362 turns).

pkoi the Grappler (Troll Hunter)                    Turns: 7362, Time: 00:11:14

Health: -5/102     AC:  8    Str: 25    XL:     11   Next: 13%
Magic:  11/13      EV: 12    Int:  7    God:    Okawaru [*****.]
Gold:   112        SH:  0    Dex: 10    Spells: 8/10 levels left

rFire   . . .      SeeInvis .     - Unarmed
rCold   + . .      Faith    .   (no shield)
rNeg    . . .      Spirit   .   u - +0 steam dragon scales
rPois   .          Reflect  .   (helmet restricted)
rElec   .          Harm     .   (no cloak)
rCorr   .          Rampage  .   (gloves unavailable)
Will    .....                   (boots unavailable)
Stlth   +++.......              v - amulet of regeneration
HPRegen 2.27/turn               r - ring of protection from cold
MPRegen 0.13/turn               (no ring)

@: heroic
A: large, unfitting armour, claws 3, regeneration 1, shaggy fur 1, tough skin 1
a: Renounce Religion, Heroism, Finesse


You were on level 10 of the Dungeon.
You worshipped Okawaru.
Okawaru was extremely pleased with you.
You visited 2 branches of the dungeon, and saw 11 of its levels.

You collected 440 gold pieces.
You spent 328 gold pieces at shops.

Inventory:

Hand Weapons
 a - a +0 short sword of freezing
Missiles
 c - 7 large rocks (quivered)
 d - 5 throwing nets
 h - 23 poisoned darts
 x - a curare-tipped dart
 A - 4 javelins
Armour
 b - a +1 robe
 u - +0 steam dragon scales (worn)
Jewellery
 f - an amulet of guardian spirit
 r - a ring of protection from cold (left claw)
 v - an amulet of regeneration (around neck)
 C - an amulet of reflection
Wands
 n - a wand of flame (17)
 t - a wand of iceblast (13)
 w - a wand of acid (8)
 y - a wand of mindburst (13)
Scrolls
 g - 4 scrolls of identify
 i - 4 scrolls of enchant armour
 m - 2 scrolls of teleportation
 o - 2 scrolls of fog
 s - 3 scrolls of fear
 D - a scroll of magic mapping
Potions
 e - 3 potions of flight
 j - a potion of mutation {unknown}
 k - 2 potions of haste
 l - 7 potions of curing
 p - a potion of heal wounds
 q - a potion of berserk rage
 z - a potion of ambrosia
 B - a potion of brilliance


   Skills:
 + Level 5.0(10.0) Fighting
 - Level 8.3(13.3) Throwing
 - Level 2.0(7.0) Armour
 + Level 5.0(10.0) Dodging
 - Level 0.3(5.3) Stealth
 * Level 11.7(16.7) Unarmed Combat
 + Level 4.0 Invocations


You had 8 spell levels left.
You knew the following spells:

 Your Spells              Type           Power      Damage    Failure   Level
a - Blink                 Tloc           N/A        N/A       56%         2

Your spell library contained the following spells:

 Spells                   Type           Power      Damage    Failure   Level
 Sublimation of Blood     Necr           0%         N/A       56%         2
 Wereblood                Tmut           0%         N/A       56%         2
 Passage of Golubria      Tloc           N/A        N/A       99%         4
 Manifold Assault         Tloc           0%         N/A       100%        5
 Silence                  Hex/Air        0%         N/A       100%        5
 Storm Form               Tmut/Air       0%         N/A       100%        7
 Summon Hydra             Summ           0%         N/A       100%        7
 Lehudib's Crystal Spear  Conj/Erth      0%         10d2      100%        8


Dungeon Overview and Level Annotations

Branches:
Dungeon (10/15)            Temple (1/1) D:6             Orc (0/2) D:9
   Lair: D:8-11

Altars:
Ashenzari
Cheibriados
Dithmenos
Elyvilon
Fedhas
Gozag
Hepliaklqana
Kikubaaqudgha
Makhleb
Nemelex Xobeh
Okawaru
Qazlal
Ru
Sif Muna
Trog
Uskayaw
Vehumet
Wu Jian
Xom
Yredelemnul
Zin
The Shining One
Beogh

Shops:
D:7 *   D:9 *

Annotations:
D:7 2 transporters


Innate Abilities, Weirdness & Mutations

You are too large for most types of armour.
You have claws for hands.
Your natural rate of healing is unusually fast.
You are covered in fur. (AC +1)
You have tough skin. (AC +1)


Message History

Throw: 8 large rocks
Press: ? - help, Q - select action, (/) - cycle Shift-Dir - straight line, f/p - troll
Aim: a troll (63% to hit)
You throw a large rock. The large rock hits the troll.
The troll is moderately wounded.
The troll barely misses you. The troll claws you. The troll misses you.
The troll bites you! The troll claws you but does no damage.
The troll claws you.
You closely miss the troll. Your claw misses the troll.
The troll is moderately wounded.
You barely miss the troll.
The troll is moderately wounded.
The troll bites you! The troll claws you! The troll barely misses you.
Unknown command.
You closely miss the troll.
The troll is moderately wounded.
A wraith comes into view.
The troll bites you. The troll claws you!
* * * LOW HITPOINT WARNING * * *
The troll claws you!
* * * LOW HITPOINT WARNING * * *
You mangle the troll!!
The troll is almost dead.
The troll bites you.
* * * LOW HITPOINT WARNING * * *
The troll claws you but does no damage. The troll claws you!
* * * LOW HITPOINT WARNING * * *
Unknown command.
Unknown command.
You gain the combat prowess of a mighty hero.
The troll barely misses you. x2; The troll claws you.
* * * LOW HITPOINT WARNING * * *
You claw the troll!
You kill the troll!
Okawaru accepts your kill.
Your base Dodging skill increases to level 5!
You mangle the troll!! You claw the troll!
The troll is almost dead.
The troll bites you!
You die...

##........#.............**,,***,©
....#............##.##..,,,,,,***
##......#.#.##.#......#,***,*,,,,
...............####.#...,**,**,**
#########.####........,,,*,,,,,,,
..........###############***,,,,,
###########...## ##...## *,,,,,
.....# #.....#####.....# *,,,,,
.....# #......@TW....(.# **,,,,
...†)#####.....#####...$.# *,,,,
.........##...##,,,##...## *,,,,
....####..##.##,,,,,*#.## *****
....# ##.##)#,,,,,,,*.# ....#
#..'.#,,,,,,,+,# ....#
####.#,,,,,,,*,* ....#
*#.#*,,,,,**,** ....#
**...**,,,**,,,**


You could see a troll and a wraith.

Vanquished Creatures
  A catoblepas (D:10)
  Harold (D:7)
  2 two-headed ogres
  Prince Ribbit (D:5)
  4 trolls
  A wraith (D:10)
  2 wyverns
  4 yaks
  A shadow (D:9)
  A steam dragon (D:8)
  2 acid dragons (D:10)
  2 orc warriors
  2 necrophages
  2 ice beasts
  2 sky beasts
  2 black bears
  An ogre (D:5)
  4 centaurs
  A phantom (D:5)
  Blork the orc (D:5)
  4 bullfrogs
  A kobold brigand (D:6)
  2 gnoll sergeants
  A scorpion (D:5)
  3 water moccasin zombies
  A water moccasin skeleton (D:6)
  3 killer bees (D:8)
  A bullfrog zombie (D:6)
  3 centaur zombies
  2 jellies
  4 orc priests
  A gnoll shaman (D:5)
  A hound (D:6)
  8 orc wizards
  3 iguanas
  A killer bee zombie (D:8)
  A hound zombie (D:2)
  A hound skeleton (D:5)
  8 adders
  6 gnolls
  2 howler monkey skeletons (D:6)
  2 white imps
  An ufetubus (D:4)
  An adder zombie (D:2)
  2 adder skeletons
  A worm (D:4)
  4 dart slugs
  31 orcs
  2 bat skeletons (D:2)
  A bat zombie (D:2)
  6 endoplasms
  3 giant cockroaches
  5 goblins
  7 hobgoblins
  10 jackals
  2 quokkas
  2 ball pythons
  A ball python skeleton (D:2)
  A ball python zombie (D:2)
  4 frilled lizards
  A giant cockroach zombie (D:2)
  A jackal zombie (D:2)
  2 kobolds
  7 rats
191 creatures vanquished.

Notes
Turn   | Place    | Note
-------+----------+-------------------------------------------
     0 | D:1      | pkoi the Troll Hunter began the quest for the Orb.
     0 | D:1      | Reached XP level 1. HP: 19/19 MP: 0/0
   102 | D:1      | Reached skill level 1 in Unarmed Combat
   115 | D:1      | Reached XP level 2. HP: 27/27 MP: 1/1
   836 | D:2      | Reached XP level 3. HP: 33/33 MP: 2/2
   885 | D:2      | Reached skill level 2 in Unarmed Combat
  1139 | D:2      | Found a faded altar of an unknown god.
  1232 | D:2      | Reached XP level 4. HP: 36/41 MP: 1/3
  1960 | D:3      | Reached skill level 3 in Unarmed Combat
  2315 | D:4      | Reached XP level 5. HP: 42/48 MP: 2/4
  2378 | D:4      | Reached skill level 5 in Throwing
  2378 | D:4      | Reached skill level 4 in Unarmed Combat
  2636 | D:4      | Reached XP level 6. HP: 55/55 MP: 5/5
  2756 | D:5      | Entered Level 5 of the Dungeon
  2783 | D:5      | Reached skill level 5 in Unarmed Combat
  2918 | D:5      | Noticed Prince Ribbit
  2929 | D:5      | Killed Prince Ribbit
  2930 | D:5      | Reached skill level 6 in Unarmed Combat
  2930 | D:5      | Reached XP level 7. HP: 15/62 MP: 1/6
  3348 | D:5      | Reached skill level 7 in Unarmed Combat
  3374 | D:5      | Reached XP level 8. HP: 63/70 MP: 5/7
  3417 | D:5      | Noticed Blork the orc
  3448 | D:5      | Killed Blork the orc
  3863 | D:6      | Reached skill level 8 in Unarmed Combat
  3948 | D:6      | Learned a level 2 spell: Blink
  4043 | D:6      | Found a staircase to the Ecumenical Temple.
  4146 | Temple   | Entered the Ecumenical Temple
  4345 | Temple   | Became a worshipper of Warmaster Okawaru
  4474 | D:6      | Reached skill level 9 in Unarmed Combat
  4796 | D:7      | Reached XP level 9. HP: 59/79 MP: 8/8
  4919 | D:7      | Noticed Harold
  4929 | D:7      | HP: 4/80 [white imp/puff of frost (5)]
  4964 | D:7      | Killed Harold
  4964 | D:7      | Reached * piety under Okawaru
  5261 | D:7      | Found Plog's General Store.
  5264 | D:7      | Bought a potion of haste for 150 gold pieces
  5505 | D:7      | Found a transporter.
  5507 | D:7      | Found a transporter.
  5619 | D:8      | Reached skill level 10 in Unarmed Combat
  5662 | D:8      | Reached ** piety under Okawaru
  5815 | D:8      | Reached skill level 1 in Invocations
  5827 | D:8      | Noticed a troll
  5834 | D:8      | Killed a troll
  6082 | D:8      | Reached XP level 10. HP: 81/92 MP: 10/10
  6169 | D:8      | Reached *** piety under Okawaru
  6482 | D:9      | Found Ighimut's Assorted Antiques.
  6495 | D:9      | Bought a viscous brown potion for 20 gold pieces
  6495 | D:9      | Bought a scroll labelled GASHUTSESADWE for 23 gold pieces
  6495 | D:9      | Bought a black potion for 20 gold pieces
  6495 | D:9      | Bought a dented steel amulet for 115 gold pieces
  6702 | D:9      | Found an opulent altar of Gozag.
  6751 | D:9      | Noticed a two-headed ogre
  6759 | D:9      | Killed a two-headed ogre
  6759 | D:9      | Received a gift from Okawaru
  6760 | D:9      | Reached skill level 1 in Armour
  6856 | D:9      | Found a staircase to the Orcish Mines.
  6987 | D:10     | Entered Level 10 of the Dungeon
  7044 | D:10     | Reached **** piety under Okawaru
  7045 | D:10     | Reached skill level 11 in Unarmed Combat
  7257 | D:10     | Noticed a two-headed ogre
  7259 | D:10     | Noticed a catoblepas
  7262 | D:10     | Killed a two-headed ogre
  7278 | D:10     | Killed a catoblepas
  7278 | D:10     | Received a gift from Okawaru
  7278 | D:10     | Reached ***** piety under Okawaru
  7279 | D:10     | Reached XP level 11. HP: 71/101 MP: 12/12
  7343 | D:10     | Reached skill level 5 in Fighting
  7362 | D:10     | Reached skill level 5 in Dodging
  7362 | D:10     | Slain by a troll

Illustrated notes

Levels and vault maps discovered:
D:1:      ncdulo_wetmaze, layout_basic, minivault_14, roderic_filled_cross,
          minmay_misc_feat_rugged, hangedman_abyss_or_decor_lesser_grid,
          skrybe_limestone_x, minmay_stone_trees_medium, minmay_strange_pillars,
          hangedman_decor_push, hangedman_decor_peaks_small,
          chequers_serial_rivers_marsh, corexii_item_surrounded_by_moat
D:2:      layout_rooms, ebering_ecumenical_altar_sacrificial, serial_undead,
          serial_undead_f, serial_undead_c, serial_undead_b, serial_undead_c,
          serial_undead_a, minmay_misc_feat_secret_circle
D:3:      layout_basic
D:4:      layout_loops_ring
D:5:      layout_basic, uniq_blork_the_orc, uniq_prince_ribbit1
D:6:      layout_cave_pools, minmay_temple_entry_trees,
          eino_small_chamber_without_monster, kennysheep_opposing_triangles
D:7:      gammafunk_beogh_shrine, layout_basic, serial_shops,
          kennysheep_mini_moat, lightli_orcish_oven, uniq_harold
D:8:      minmay_spotlight, layout_basic
D:9:      layout_basic, nicolae_overflow_crystal_walls, orc_0_dummy,
          serial_shops, shop
D:10:     minmay_octagon_keep, layout_basic, enter_trove_5,
          gammafunk_ghost_wrathful_warriors, uniq_maggie
Temple:   compressed_dpeg_triangle_lava_temple

Skill      XL: |  1  2  3  4  5  6  7  8  9 10 11 |
---------------+----------------------------------+-----
Unarmed Combat | 1 2 3 4 6 7 9 10 11 | 11.7
Throwing       | 4 5 6 7 8 |  8.3
Fighting       | 2 3 4 5 |  5.0
Dodging        | 2 3 4 5 |  5.0
Invocations    | 1 3 4 |  4.0
Armour         | 2 |  2.0
Stealth        | |  0.3

Action                   |  1- 3 |  4- 6 |  7- 9 | 10-12 || total
-------------------------+-------+-------+-------+-------++-------
Melee: Unarmed           |   113 |   155 |   255 |   128 ||   651
       Punch             |       |     2 |    14 |     5 ||    21
Throw: Large rock        |       |     3 |     8 |    13 ||    24
Invok: Heroism           |       |       |       |     1 ||     1
  Use: Scroll            |     5 |     1 |     6 |    11 ||    23
 Stab: Sleeping          |     1 |     4 |     1 |       ||     6
Armor: Robe              |    43 |    82 |    52 |       ||   177
       Steam dragon scal |       |       |       |    31 ||    31
Dodge: Dodged            |    60 |    87 |    94 |    59 ||   300

Table legend: (Time is in decaauts)
 A = Elapsed time spent in this place.
 B = Non-inter-level travel time spent in this place.
 C = Inter-level travel time spent in this place.
 D = Time resting spent in this place.
 E = Time spent auto-exploring this place.
 F = Levels seen in this place.
 G = Mean time per level.
                   A        B        C        D        E       F      G
               +--------+--------+--------+--------+--------+-----+--------+
         Total |   7320 |   7071 |    249 |    273 |   5361 |  11 |  665.5 |
       Dungeon |   7107 |   6871 |    236 |    273 |   5181 |  10 |  710.7 |
        Temple |    212 |    199 |     13 |      0 |    180 |   1 |  212.0 |
               +--------+--------+--------+--------+--------+-----+--------+

Top non-repeatable levels by time:
     D:5: 1079 daAuts
     D:7: 855 daAuts
     D:1: 835 daAuts
     D:8: 801 daAuts
     D:3: 682 daAuts
     D:9: 677 daAuts
     D:4: 647 daAuts
     D:6: 642 daAuts
     D:2: 598 daAuts
    D:10: 287 daAuts
  Temple: 212 daAuts
